General information
- name: BNet
- type: Ladder team game (AT/RT)
- host: Battle.net
- saver: Fouled_Sanctity
map: FullScaleAssault
- players: 8
- length: 27:05
- speed: Fast
- version: 1.26 W3XP
- replay type: Public
» download(155 KB)
Players
team 1 (loser)

»
BlizAnigMofo (
pink | 44 APM | 1090 actions | 24:46)
6 Death Knight
3 Death Coil
2 Death Pact
1 Animate Dead
4 Lich
2 Frost Nova
2 Frost Armor
2 Blademaster
2 Critical Strike
» actions
| Assign group hotkey | 15 | |
| Basic commands | 24 | |
| Build / train | 82 | |
| Enter build submenu | 17 | |
| Enter hero's abilities submenu | 12 | |
| Give item / drop item | 1 | |
| Right click | 513 | |
| Select / deselect | 332 | |
| Select group hotkey | 42 | |
| Use ability | 52 | |
1090 total
» units
| Acolyte | 2 | |
| Ghoul | 4 | |
| Crypt Fiend | 26 | |
| Wind Rider | 16 | |
| Obsidian Statue | 5 | |
53 total
» upgrades
| Creature Attack | 1 | |
| Creature Carapace | 1 | |
| Web | 1 | |
| Ranged Weapons | 3 | |
| Envenomed Spears | 1 | |
| Armor | 1 | |
| Destroyer Form | 1 | |
9 total
» buildings
| Crypt | 1 | |
| Ziggurat | 6 | |
| Graveyard | 1 | |
| Altar of Darkness | 1 | |
| Tomb of Relics | 1 | |
| Halls of the Dead | 1 | |
| Beastiary | 2 | |
| Orc Burrow | 4 | |
| Slaughterhouse | 1 | |
| Fortress | 1 | |
| Black Citadel | 1 | |
| Spirit Tower | 2 | |
22 total
» build order
00:41 Crypt
00:44 Ziggurat
00:51 Graveyard
00:58 Altar of Darkness
01:14 Ziggurat
01:30 Tomb of Relics
02:21 Ziggurat
04:46 Halls of the Dead
06:17 Ziggurat
07:10 Beastiary
07:15 Beastiary
07:18 Orc Burrow
09:44 Slaughterhouse
09:47 Fortress
09:51 Orc Burrow
11:16 Orc Burrow
11:32 Black Citadel
11:37 Ziggurat
11:45 Ziggurat
14:05 Orc Burrow
19:30 Spirit Tower
19:31 Spirit Tower
» items
frankrizzotker (
blue | 40 APM | 263 actions | 06:37)
1 Blademaster
1 Wind Walk
» actions
| Assign group hotkey | 4 | |
| Basic commands | 5 | |
| Build / train | 23 | |
| Enter build submenu | 8 | |
| Enter hero's abilities submenu | 1 | |
| Right click | 62 | |
| Select / deselect | 86 | |
| Select group hotkey | 65 | |
| Use ability | 9 | |
263 total
» units
» buildings
| Altar of Storms | 1 | |
| Orc Burrow | 3 | |
| Barracks | 1 | |
| Voodoo Lounge | 1 | |
| Stronghold | 4 | |
| Great Hall | 1 | |
| War Mill | 1 | |
12 total
» build order
00:09 Altar of Storms
00:14 Orc Burrow
00:53 Barracks
01:31 Orc Burrow
02:05 Voodoo Lounge
03:03 Orc Burrow
04:44 Stronghold
04:45 Stronghold
04:45 Stronghold
05:35 Great Hall
05:51 War Mill
» items
Zeldaisabadgame (
orange | 55 APM | 1483 actions | 27:03)
5 Naga Sea Witch
3 Frost Arrows
2 Forked Lightning
» actions
| Assign group hotkey | 22 | |
| Basic commands | 110 | |
| Build / train | 84 | |
| ESC pressed | 10 | |
| Enter build submenu | 25 | |
| Enter hero's abilities submenu | 5 | |
| Remove unit from queue | 7 | |
| Right click | 623 | |
| Select / deselect | 360 | |
| Select group hotkey | 176 | |
| Use ability | 61 | |
1483 total
» units
» upgrades
| Strength of the Moon | 3 | |
| Ultravision | 1 | |
| Moon Armor | 3 | |
| Upgrade Moon Glaive | 1 | |
| Sentinel | 1 | |
| Improved Bows | 1 | |
| Marksmanship | 1 | |
11 total
» buildings
| Moon Well | 15 | |
| Altar of Elders | 2 | |
| Hunter's Hall | 1 | |
| Ancient of War | 8 | |
| Tree of Life | 1 | |
| Tree of Ages | 1 | |
| Tree of Eternity | 1 | |
| Ancient of Wonders | 2 | |
31 total
» build order
00:18 Moon Well
00:41 Altar of Elders
01:29 Moon Well
02:12 Hunter's Hall
02:25 Ancient of War
02:27 Ancient of War
02:56 Ancient of War
03:02 Moon Well
04:35 Moon Well
07:11 Tree of Life
07:53 Moon Well
08:00 Moon Well
09:06 Tree of Ages
10:21 Ancient of War
10:29 Ancient of War
11:27 Tree of Eternity
13:24 Moon Well
13:24 Moon Well
13:24 Moon Well
13:51 Ancient of Wonders
14:10 Ancient of Wonders
19:50 Altar of Elders
20:00 Moon Well
20:01 Moon Well
20:06 Moon Well
20:07 Moon Well
20:25 Moon Well
20:28 Moon Well
20:48 Ancient of War
20:52 Ancient of War
20:54 Ancient of War
» items
| Potion of Lesser Invulnerability | 1 | |
| Scroll of Protection | 1 | |
| Scroll of Healing | 3 | |
| Scroll of Town Portal | 2 | |
7 total

»
yourowndevil (
yellow | 27 APM | 669 actions | 24:27)
5 Paladin
1 Holy Light
2 Devotion Aura
2 Divine Shield
4 Firelord
2 Incinerate
1 Summon Lava Spawn
1 Soul Burn
» actions
| Basic commands | 32 | |
| Build / train | 74 | |
| Enter build submenu | 19 | |
| Enter hero's abilities submenu | 9 | |
| Give item / drop item | 3 | |
| Right click | 209 | |
| Select / deselect | 261 | |
| Use ability | 62 | |
669 total
» units
| Peasant | 13 | |
| Footman | 4 | |
| Goblin Shredder | 2 | |
| Makrura Deepseer | 1 | |
| Makrura Snapper | 1 | |
| Knight | 12 | |
| Siege Engine | 7 | |
40 total
» upgrades
| Defend | 1 | |
| Swords | 3 | |
| Plating | 3 | |
| Animal War Training | 1 | |
| Barrage | 1 | |
| Gunpowder | 2 | |
| Armor | 4 | |
15 total
» buildings
| Farm | 18 | |
| Barracks | 2 | |
| Altar of Kings | 1 | |
| Scout Tower | 2 | |
| Arcane Vault | 1 | |
| Town Hall | 1 | |
| Lumber Mill | 1 | |
| Keep | 1 | |
| Blacksmith | 2 | |
| Arcane Tower | 1 | |
| Guard Tower | 1 | |
| Castle | 1 | |
| Workshop | 3 | |
35 total
» build order
00:14 Farm
00:19 Farm
00:55 Barracks
01:00 Altar of Kings
02:01 Scout Tower
02:05 Farm
02:31 Scout Tower
02:54 Arcane Vault
04:33 Town Hall
04:51 Farm
05:01 Lumber Mill
05:33 Keep
06:36 Blacksmith
07:07 Farm
07:12 Arcane Tower
07:13 Guard Tower
08:29 Barracks
08:31 Castle
10:19 Workshop
10:21 Workshop
10:24 Workshop
13:25 Farm
13:26 Farm
13:27 Farm
13:29 Farm
13:29 Farm
13:32 Farm
13:32 Farm
13:33 Farm
14:25 Farm
15:16 Farm
15:16 Farm
15:17 Farm
15:18 Farm
15:33 Blacksmith
» items
| Scroll of Regeneration | 1 | |
| Orb of Fire | 1 | |
| Scroll of Town Portal | 1 | |
| Orb of Lightning | 1 | |
4 total
team 2 (winner)

»
BraggingRights (
green | 38 APM | 1032 actions | 27:04)
6 Far Seer
3 Feral Spirit
2 Chain Lighting
1 Earth Quake
2 Tauren Chieftain
1 Endurance Aura
1 War Stomp
» actions
| Build / train | 81 | |
| Enter build submenu | 32 | |
| Enter hero's abilities submenu | 8 | |
| Give item / drop item | 5 | |
| Remove unit from queue | 1 | |
| Right click | 510 | |
| Select / deselect | 317 | |
| Use ability | 78 | |
1032 total
» units
| Peon | 23 | |
| Grunt | 6 | |
| Goblin Shredder | 1 | |
| Goblin Zeppelin | 2 | |
| Wind Rider | 11 | |
43 total
» upgrades
| Armor | 3 | |
| Ranged Weapons | 3 | |
| Pillage | 0 | |
| Reinforced Defenses | 1 | |
| Envenomed Spears | 1 | |
| Spiked Barricades | 3 | |
| Melee Weapons | 1 | |
12 total
» buildings
| Orc Burrow | 6 | |
| Altar of Storms | 2 | |
| Barracks | 1 | |
| Voodoo Lounge | 1 | |
| Great Hall | 2 | |
| Stronghold | 1 | |
| War Mill | 1 | |
| Fortress | 1 | |
| Watch Tower | 14 | |
| Beastiary | 4 | |
33 total
» build order
00:09 Orc Burrow
00:13 Altar of Storms
01:05 Barracks
01:25 Orc Burrow
02:12 Voodoo Lounge
04:06 Great Hall
04:42 Stronghold
04:47 War Mill
05:27 Orc Burrow
07:32 Fortress
10:39 Great Hall
10:45 Watch Tower
10:48 Watch Tower
10:52 Watch Tower
10:55 Watch Tower
11:03 Beastiary
11:06 Beastiary
12:02 Orc Burrow
12:05 Orc Burrow
12:27 Watch Tower
12:30 Watch Tower
12:43 Watch Tower
12:47 Watch Tower
13:45 Watch Tower
13:49 Watch Tower
14:58 Watch Tower
15:01 Watch Tower
16:24 Watch Tower
16:28 Watch Tower
21:19 Beastiary
21:26 Beastiary
24:38 Altar of Storms
26:06 Orc Burrow
» items
| Healing Salve | 2 | |
| Orb of Lightning | 2 | |
| Scroll of Town Portal | 3 | |
| Lesser Clarity Potion | 1 | |
| Potion of Lesser Invulnerability | 2 | |
| Tiny Great Hall | 1 | |
| Potion of Healing | 1 | |
| Potion of Mana | 1 | |
13 total

»
KillZeJew (
red | 26 APM | 704 actions | 27:04)
5 Goblin Tinker
3 Pocket Factory
2 Engineering Upgrade
7 Paladin
3 Devotion Aura
3 Holy Light
1 Resurrection
» actions
| Basic commands | 17 | |
| Build / train | 75 | |
| Enter build submenu | 21 | |
| Enter hero's abilities submenu | 12 | |
| Give item / drop item | 1 | |
| Right click | 232 | |
| Select / deselect | 292 | |
| Use ability | 54 | |
704 total
» units
| Peasant | 13 | |
| Footman | 13 | |
| Knight | 23 | |
49 total
» upgrades
| Defend | 1 | |
| Swords | 3 | |
| Plating | 3 | |
| Animal War Training | 1 | |
8 total
» buildings
| Altar of Kings | 1 | |
| Farm | 10 | |
| Barracks | 2 | |
| Lumber Mill | 2 | |
| Scout Tower | 2 | |
| Guard Tower | 2 | |
| Keep | 1 | |
| Blacksmith | 1 | |
| Castle | 1 | |
| Town Hall | 2 | |
24 total
» build order
00:16 Altar of Kings
00:21 Farm
01:20 Barracks
01:49 Lumber Mill
02:06 Lumber Mill
02:26 Farm
03:18 Farm
03:24 Farm
04:24 Farm
04:42 Scout Tower
05:29 Guard Tower
05:33 Scout Tower
05:56 Keep
06:00 Farm
06:16 Guard Tower
06:23 Blacksmith
07:27 Farm
08:32 Castle
08:42 Farm
09:25 Farm
09:58 Town Hall
12:56 Barracks
13:43 Town Hall
14:09 Farm
Fouled_Sanctity (
teal | 61 APM | 1639 actions | 27:05)
5 Pit Lord
3 Rain of Fire
2 Cleaving Attack
5 Naga Sea Witch
3 Frost Arrows
2 Forked Lightning
3 Firelord
2 Summon Lava Spawn
1 Soul Burn
» actions
| Assign group hotkey | 47 | |
| Basic commands | 118 | |
| Build / train | 78 | |
| ESC pressed | 4 | |
| Enter build submenu | 16 | |
| Enter hero's abilities submenu | 13 | |
| Remove unit from queue | 1 | |
| Right click | 511 | |
| Select / deselect | 459 | |
| Select group hotkey | 283 | |
| Use ability | 109 | |
1639 total
» units
| Wisp | 16 | |
| Archer | 4 | |
| Druid of the Claw | 3 | |
| Dryad | 7 | |
| Mountain Giant | 4 | |
34 total
» upgrades
| Ultravision | 1 | |
| Druid of the Claw Training | 2 | |
| Abolish Magic | 1 | |
| Strength of the Wild | 3 | |
| Reinforced Hides | 3 | |
| Resistant Skin | 1 | |
| Hardened Skin | 1 | |
| Well Spring | 1 | |
13 total
» buildings
| Altar of Elders | 1 | |
| Ancient of War | 1 | |
| Moon Well | 7 | |
| Ancient of Wonders | 1 | |
| Hunter's Hall | 1 | |
| Tree of Ages | 1 | |
| Ancient of Lore | 2 | |
| Tree of Life | 2 | |
| Tree of Eternity | 1 | |
17 total
» build order
00:07 Altar of Elders
00:21 Ancient of War
00:46 Moon Well
02:56 Moon Well
02:59 Ancient of Wonders
03:07 Hunter's Hall
04:20 Tree of Ages
05:30 Moon Well
05:38 Moon Well
07:19 Ancient of Lore
08:09 Ancient of Lore
09:07 Tree of Life
09:19 Moon Well
09:20 Moon Well
10:37 Tree of Eternity
11:06 Moon Well
13:53 Tree of Life
» items
| Potion of Healing | 6 | |
| Staff of Preservation | 2 | |
| Scroll of Town Portal | 3 | |
| Lesser Clarity Potion | 1 | |
12 total

»
AFK-TeasingKids (
purple | 31 APM | 830 actions | 27:04)
8 Priestess of the Moon
3 Trueshot Aura
3 Searing Arrows
1 Starfall
1 Scout
» actions
| Assign group hotkey | 8 | |
| Basic commands | 136 | |
| Build / train | 42 | |
| Enter build submenu | 12 | |
| Enter hero's abilities submenu | 8 | |
| Give item / drop item | 3 | |
| Right click | 339 | |
| Select / deselect | 213 | |
| Select group hotkey | 17 | |
| Use ability | 50 | |
830 total
» units
» upgrades
| Strength of the Wild | 3 | |
| Reinforced Hides | 3 | |
| Ultravision | 1 | |
| Well Spring | 1 | |
| Corrosive Breath | 1 | |
9 total
» buildings
| Moon Well | 6 | |
| Tree of Ages | 1 | |
| Hunter's Hall | 1 | |
| Altar of Elders | 1 | |
| Tree of Eternity | 1 | |
| Ancient of Wind | 1 | |
| Chimaera Roost | 2 | |
| Tree of Life | 1 | |
14 total
» build order
00:44 Moon Well
03:03 Tree of Ages
03:05 Hunter's Hall
03:07 Altar of Elders
03:10 Moon Well
03:12 Moon Well
03:14 Moon Well
05:36 Tree of Eternity
05:51 Ancient of Wind
08:25 Chimaera Roost
08:27 Chimaera Roost
11:51 Tree of Life
14:30 Moon Well
15:29 Moon Well
» items
| Scroll of Town Portal | 2 | |
| Potion of Healing | 1 | |
3 total
Chat log
(00:04 / All) Fouled_Sanctity: heheh.
(00:14 / All) Fouled_Sanctity: Yeah this should be goodl.
(00:15 / All) BlizAnigMofo: whats so funny
(00:16 / All) AFK-TeasingKids: its true though
(00:16 / Allies) BraggingRights: i am rushing
(00:24 / All) AFK-TeasingKids: ZELDA SUCKS
(00:31 / All) KillZeJew: lol
(00:32 / All) AFK-TeasingKids: Especially ocarina of time
(00:34 / All) BlizAnigMofo: whats so funny
(00:36 / All) AFK-TeasingKids: BOO
(00:46 / All) KillZeJew: nah oot was the best out of all of the,
(00:55 / All) AFK-TeasingKids: The story sucks hard
(01:00 / All) AFK-TeasingKids: Gameplay is terrific
(01:01 / All) Zeldaisabadgame: I liked the Zelda adventure on the Philips CD-ii
(01:02 / All) AFK-TeasingKids: but story sucks
(01:05 / All) Fouled_Sanctity: Yeah
(01:06 / Allies) KillZeJew: nah your thinking of wind waker
(01:07 / All) Fouled_Sanctity: Those ones are good
(01:09 / All) Fouled_Sanctity: Best ones imo
(01:15 / All) Zeldaisabadgame: With its realistic depictions of the characters
(01:19 / All) AFK-TeasingKids: I never played wind walker
(01:21 / All) Zeldaisabadgame: And stunning scenes
(01:58 / All) Zeldaisabadgame: When Ganon died, I really thought he died and I hid under my bed and cried
(02:04 / All) AFK-TeasingKids: Lol
(03:24 / All) AFK-TeasingKids: I don't like any gaming console after the gamecube
(03:32 / All) AFK-TeasingKids: Wii, PS3, Xbox 360, etc.
(03:36 / All) AFK-TeasingKids: ALl graphics based
(03:39 / All) AFK-TeasingKids: no more gameplay
(03:43 / Allies) KillZeJew: gears of war 3 is dirty
(03:55 / All) KillZeJew: gears 3 makes xbox worth having
(03:56 / All) AFK-TeasingKids: hears of war is PC
(04:01 / All) AFK-TeasingKids: not console
(04:05 / All) KillZeJew: no
(04:08 / All) AFK-TeasingKids: ?
(04:09 / All) KillZeJew: xbox and px
(04:12 / All) KillZeJew: pc
(04:18 / All) KillZeJew: and i dont think 2 or 3 is on pc
(04:19 / All) AFK-TeasingKids: O i didn't know they had an xbox version
(04:25 / All) AFK-TeasingKids: Still, its multiplayer based
(04:30 / All) AFK-TeasingKids: I want single-player
(04:30 / All) KillZeJew: mhm
(04:33 / All) AFK-TeasingKids: Like old school
(04:34 / All) AFK-TeasingKids: :)
(04:34 / All) KillZeJew: nahhhh
(04:37 / All) KillZeJew: -.-
(04:41 / All) AFK-TeasingKids: proves my point
(04:48 / All) AFK-TeasingKids: Games today are graphics oriented
(04:50 / All) AFK-TeasingKids: not gameplay
(05:04 / All) KillZeJew: graphics is what its all about
(05:07 / All) Fouled_Sanctity: I agree, I'm a fan of cool 1p experiences
(05:11 / All) Fouled_Sanctity: like mgs
(05:16 / All) Fouled_Sanctity: And deus ex
(05:20 / All) AFK-TeasingKids: Yet you have the audacity to say oot was the best of zelda games
(05:20 / All) KillZeJew: i can rip some one arm off on gears and wack them
(05:26 / All) AFK-TeasingKids: you're contrading urself dude
(05:37 / Allies) KillZeJew: xelda is a classic
(05:42 / Allies) Fouled_Sanctity: heh
(05:45 / All) AFK-TeasingKids: yeah its old school
(05:47 / All) AFK-TeasingKids: not graphics
(06:20 / All) AFK-TeasingKids: Games today are 2 things
(06:25 / All) AFK-TeasingKids: 1) Graphics
(06:29 / All) AFK-TeasingKids: 2) online player
(06:37 / All) AFK-TeasingKids: No more offline (single-layer) stuff
(06:40 / All) AFK-TeasingKids: :(
(06:45 / All) Fouled_Sanctity: ?
(06:46 / All) KillZeJew: to hell with single
(06:53 / All) KillZeJew: plus dead island
(06:57 / All) KillZeJew: good 1 player
(06:58 / All) AFK-TeasingKids: What about us who suffer from POOR INTERNET
(06:58 / All) Fouled_Sanctity: ooooooooooh boy.
(07:05 / All) AFK-TeasingKids: I can't enjoy online games
(07:11 / All) AFK-TeasingKids: We don't even have FIBER OPTICS
(07:18 / All) AFK-TeasingKids: So what about us global gamers?
(07:30 / All) KillZeJew: upgrade
(07:37 / All) AFK-TeasingKids: ur not reading?
(07:41 / All) AFK-TeasingKids: OUR GOVERNMENT
(07:42 / All) AFK-TeasingKids: IS NOT
(07:45 / All) AFK-TeasingKids: OFFERING US
(07:48 / All) AFK-TeasingKids: FIBER OPTICS
(07:53 / All) AFK-TeasingKids: So how can we "UPGRADE" ?
(07:57 / All) Fouled_Sanctity: I don't think he knows what that means.
(07:58 / All) KillZeJew: gotcha lol
(08:03 / All) AFK-TeasingKids: DUH
(08:04 / All) AFK-TeasingKids: Lol
(08:14 / All) AFK-TeasingKids: thats why i like old school
(08:17 / All) AFK-TeasingKids: no online stuff
(08:19 / All) AFK-TeasingKids: no lag :)
(08:26 / All) KillZeJew: commi o.0 lol jk
(08:32 / All) AFK-TeasingKids: :)
(09:02 / Allies) AFK-TeasingKids: take
(09:07 / All) AFK-TeasingKids: LOL
(10:23 / Allies) Fouled_Sanctity: wood please
(10:32 / Allies) Fouled_Sanctity: if you can psare
(10:33 / Allies) Fouled_Sanctity: thanks
(12:16 / Allies) AFK-TeasingKids: b
(12:33 / All) Fouled_Sanctity: Yikes
(12:36 / All) Fouled_Sanctity: Was not expecting that
(12:56 / All) AFK-TeasingKids: STAY AWAY FROM OUR EXPOS!!!
(13:09 / Allies) KillZeJew: you crazy
(13:48 / Allies) AFK-TeasingKids: lol
(14:21 / Allies) Fouled_Sanctity: gold lpease someone
(14:44 / Allies) KillZeJew: lets hit soon
(15:13 / Allies) Fouled_Sanctity: woops
(15:17 / Allies) Fouled_Sanctity: i just suicided to creeps
(15:17 / Allies) AFK-TeasingKids: lol
(15:28 / Allies) Fouled_Sanctity: certainly wasn't paying attention there.
(16:07 / All) AFK-TeasingKids: lawl
(16:08 / All) KillZeJew: fuck
(16:17 / Allies) Fouled_Sanctity: LOL RED MAYBE YOU SHOULD UPGRADE LOL
(16:21 / All) AFK-TeasingKids: u c why i dont like online games red?
(16:25 / All) AFK-TeasingKids: hahaha teal
(16:26 / All) AFK-TeasingKids: :P
(16:35 / All) KillZeJew: i have a apple comp and RIGHTS!
(16:37 / All) KillZeJew: ohhh
(16:39 / All) KillZeJew: :p
(16:40 / Allies) AFK-TeasingKids: bats plz green
(16:45 / All) AFK-TeasingKids: i have sony
(16:47 / All) AFK-TeasingKids: 4MB DSL
(16:57 / All) KillZeJew: AND NO RIGHTS
(17:01 / All) AFK-TeasingKids: lol
(18:07 / Allies) AFK-TeasingKids: back red
(18:09 / Allies) AFK-TeasingKids: wait 4 me
(18:09 / Allies) AFK-TeasingKids: lol
(19:00 / All) BlizAnigMofo: noobs man
(19:17 / All) BlizAnigMofo: STOP GETTING HUNTS
(20:02 / All) AFK-TeasingKids: gg zelda oot
(20:03 / All) AFK-TeasingKids: :)
(20:11 / Allies) KillZeJew: puro can i get that pot?
(21:21 / Allies) AFK-TeasingKids: heal my hero plz
(22:41 / Allies) AFK-TeasingKids: save
(22:42 / Allies) AFK-TeasingKids: lol
(22:53 / Allies) Fouled_Sanctity: omw to yellow
(23:02 / All) Fouled_Sanctity: well
(23:07 / All) Fouled_Sanctity: Looks like this is tougher than last game
(23:21 / Allies) AFK-TeasingKids: use
(23:22 / Allies) AFK-TeasingKids: pot
(23:33 / Allies) KillZeJew: thank
(23:36 / Allies) AFK-TeasingKids: ya
(23:55 / All) BlizAnigMofo: omg stop controling
(24:03 / All) BlizAnigMofo: omg
(24:07 / All) Zeldaisabadgame: YOU CAN'T FUCKING MICRO
(24:07 / All) KillZeJew: lol
(24:08 / All) Zeldaisabadgame: TWIT
(24:17 / All) Zeldaisabadgame: rofl pink
(24:17 / All) KillZeJew: taunt <3
(24:31 / All) BlizAnigMofo: stop getting archers!
(24:41 / All) Zeldaisabadgame: make me
(24:44 / All) AFK-TeasingKids: lol
(24:45 / All) Fouled_Sanctity: lol
(25:06 / Allies) AFK-TeasingKids: lol
(25:19 / Allies) AFK-TeasingKids: who wants gold?
(25:45 / All) Zeldaisabadgame: Pink "microd" the wyverns into rain of fire
(25:46 / All) Zeldaisabadgame: twice
(25:49 / All) AFK-TeasingKids: ol
(25:53 / All) Zeldaisabadgame: and then sent them into the dryads
(26:07 / All) Fouled_Sanctity: YEah
(26:09 / All) Fouled_Sanctity: I saw that
(26:09 / All) Fouled_Sanctity: Lol
(26:13 / All) Fouled_Sanctity: Blue just went back and forth into it
(26:18 / All) Fouled_Sanctity: might has well have hold positioned
(26:23 / All) KillZeJew: hhahahahaha
(26:28 / All) Zeldaisabadgame: I was trying to actually you know
(26:34 / All) Zeldaisabadgame: focus fire and maneuver them out of it
(26:38 / All) Zeldaisabadgame: and they kept sending them back in
(26:40 / All) Fouled_Sanctity: lol
(26:43 / All) Zeldaisabadgame: it was great
(26:43 / All) AFK-TeasingKids: Lol
(26:56 / All) Zeldaisabadgame: PS I beat you hunts vs knights red
(27:00 / All) Zeldaisabadgame: and that was the highlight of the game for me
(27:03 / All) KillZeJew: bullshit